Map: Ulrena

Players

Autocracy

  • Race: Terran Terran
  • League: Platinum

Squid - Winner!

  • Race: Zerg Zerg
  • League: Diamond

VOD

Have the link to the VOD?

Description

Time

  • Played on: Dec. 7, 2015, 12:14 a.m.
  • Length: 11:40
Show
View Real Time Build Order
Export as new Build Order

Autocracy Terran 

Build Orders: MMM Bio 

Get SALT Encoding   

  12  0:00  SCV  
  13  0:13  SCV  
  14  0:29  Supply Depot  
  14  0:30  SCV  
  15  0:44  Refinery  
  15  0:50  SCV  
  15  0:52  Barracks  
  16  0:58  Barracks  
  16  1:02  SCV  
  17  1:15  SCV  
  18  1:27  SCV  
  18  1:28  Refinery  
  19  1:39  Supply Depot, SCV  
  20  1:40  Reaper  
  20  1:46  Reaper  
  22  1:51  Orbital Command  
  22  2:12  Reaper  
  23  2:17  SCV  
  23  2:18  Reaper  
  25  2:29  SCV  
  26  2:49  Factory  
  26  2:52  Reaper x2  
  26  2:57  SCV  
  29  3:03  Barracks  
  29  3:06  Command Center  
  28  3:32  Barracks Tech Lab  
  27  3:40  Barracks Reactor, SCV  
  27  3:41  Starport, Factory Reactor  
  26  3:53  SCV  
  27  3:56  Barracks Reactor  
  27  4:00  Stimpack  
  27  4:05  SCV  
  27  4:08  Marauder  
  30  4:10  Liberator  
  30  4:21  Engineering Bay  
  30  4:24  SCV  
  30  4:25  Hellion x2  
  30  4:29  Marine  
  30  4:31  Marine  
  39  4:32  Marine  
  39  4:36  SCV  
  42  4:43  Marine  
  42  4:44  Marine  
  44  4:46  Hellion  
  46  4:59  Orbital Command  
  46  5:03  Liberator  
  46  5:13  SCV, Marine x2  
  46  5:14  Supply Depot, Hellion  
  51  5:15  Supply Depot  
  54  5:35  SCV x2, Marine  
  57  5:38  Marine  
  58  5:43  Marine x2  
  58  5:47  SCV x2  
  62  5:51  Marine  
  63  5:59  SCV x2  
  65  6:11  SCV  
  66  6:48  Marine x3  
  69  6:55  Liberator  
  69  6:59  Marine x2  
  63  7:05  Barracks, Marine  
  63  7:06  Marine  
  63  7:07  Barracks x2  
  56  7:15  Widow Mine x2  
  55  7:18  Marine x3  
  55  7:20  Combat Shields  
  62  7:23  Marine x2  
  62  7:29  SCV  
  66  7:31  Bunker  
  66  7:38  Marine x3  
  66  7:41  Marine  
  69  7:47  Barracks, Marine  
  69  7:48  Barracks  
  70  7:57  Barracks Tech Lab x2  
  70  7:59  Barracks Reactor  
  70  8:09  Starport Reactor  
  70  8:16  Supply Depot x3  
  70  8:20  Supply Depot  
  70  8:22  Supply Depot  
  70  8:24  Supply Depot x2  
  70  8:32  SCV  
  70  8:33  SCV  
  70  8:34  Marine  
  70  8:37  Marine x5, Widow Mine x2  
  70  8:38  Marauder  
  79  8:45  SCV  
  79  8:46  Marine x2  
  82  8:48  Medivac  
  82  8:49  Medivac  
  82  8:52  Marine  
  87  8:55  Marine x4  
  87  8:56  Marauder  
  87  8:59  Marine  
  94  9:07  Command Center  
  94  9:16  Command Center  
  87  9:18  Medivac  
  87  9:19  Medivac  
  71  9:24  Marine x2  
  71  9:25  Marauder  
  71  9:28  Marine  
  71  9:29  Marauder, Marine x4  
  80  9:42  Marine x2  
  82  9:46  Marauder, Marine x2  
  82  9:47  Marine  
  82  9:48  Marauder  
  82  9:50  Marauder  
  91  9:53  Marine  
  91  9:55  SCV  
  93  10:00  Marine x2  
  93  10:04  Marine x2  
  97  10:07  Marauder, Marine  
  97  10:09  Marauder  
  97  10:10  Medivac  
  97  10:11  Marine  
  105  10:14  Medivac  
  105  10:18  Marine  
  106  10:35  Marine x4  
  81  10:36  Marine x2, Marauder  
  81  10:43  Orbital Command  
  81  10:50  SCV x2  
  81  10:51  Marine  
  81  10:55  Marine x2  
  86  11:02  SCV  
  85  11:06  Marine x2  
  85  11:10  Factory  
  87  11:13  Marine x2  
  87  11:14  Marine, Marauder  
  90  11:18  Marine  
  90  11:19  Marauder  
Show
View Real Time Build Order
Export as new Build Order

Squid Zerg - Winner!

Build Orders: Hatch First 

Get SALT Encoding   

  12  0:01  Drone  
  13  0:13  Overlord  
  13  0:18  Drone  
  14  0:31  Drone x2  
  17  0:35  Drone  
  17  0:54  Hatchery  
  17  0:57  Drone  
  17  1:01  Drone  
  17  1:04  Extractor  
  17  1:09  Drone  
  18  1:19  Spawning Pool  
  18  1:25  Drone  
  18  1:30  Drone  
  19  1:40  Overlord  
  19  1:57  Drone  
  20  2:07  Drone, Queen  
  20  2:08  Queen  
  23  2:09  Metabolic Boost  
  25  2:17  Zergling x2  
  25  2:18  Zergling x2  
  25  2:19  Drone  
  28  2:25  Overlord  
  27  2:38  Drone  
  27  2:51  Drone x2  
  27  2:52  Drone  
  27  2:53  Drone  
  31  3:04  Hatchery, Zergling x2  
  31  3:06  Zergling x2  
  31  3:11  Drone  
  33  3:15  Zergling x2  
  33  3:17  Zergling x2  
  33  3:18  Zergling x2  
  36  3:22  Queen  
  34  3:47  Drone x3  
  37  3:49  Drone x3  
  40  4:06  Evolution Chamber x2  
  40  4:09  Drone x2  
  41  4:10  Drone  
  41  4:14  Drone x2, Extractor  
  41  4:16  Extractor  
  41  4:20  Drone x2  
  41  4:21  Drone x2  
  41  4:24  Queen  
  45  4:26  Queen  
  49  4:41  Overlord  
  49  4:42  Overlord  
  49  5:01  Drone x4  
  49  5:02  Drone x2, Roach Warren  
  54  5:09  Drone x6  
  54  5:10  Overlord  
  54  5:12  Drone  
  54  5:13  Drone x2  
  63  5:20  Drone x2  
  63  5:21  Drone  
  66  5:24  Zerg Ground Armor Level 1  
  66  5:27  Zerg Missile Weapons Level 1  
  66  5:32  Lair  
  62  5:50  Queen  
  62  5:55  Drone x2  
  66  6:08  Roach x4  
  66  6:09  Overlord  
  72  6:27  Roach  
  72  6:28  Roach  
  72  6:29  Roach  
  72  6:30  Roach x2  
  72  6:31  Overlord  
  81  6:32  Roach  
  81  6:39  Roach x2  
  74  6:45  Roach x3  
  74  6:46  Roach  
  72  6:48  Overlord  
  72  6:51  Roach x2  
  72  6:52  Roach x2  
  80  7:06  Glial Reconstitution  
  76  7:09  Hatchery  
  75  7:20  Overlord  
  75  7:21  Overlord  
  75  7:30  Spire  
  74  7:38  Ravager x4  
  72  8:06  Ravager x3  
  72  8:08  Zergling x2  
  72  8:09  Drone x4  
  72  8:10  Drone x4  
  84  8:13  Drone x5  
  84  8:14  Drone  
  90  8:43  Ravager x4  
  90  8:45  Zergling x6  
  90  8:46  Overlord x2  
  97  8:48  Overlord  
  97  8:50  Overlord  
  97  8:56  Extractor  
  97  9:01  Spine Crawler, Queen  
  97  9:02  Spore Crawler  
  96  9:04  Queen  
  81  9:26  Zergling x6  
  81  9:27  Zergling x4  
  81  9:28  Roach  
  81  9:29  Roach x8  
  101  9:51  Hatchery  
  95  9:57  Ravager x4  
  95  9:58  Ravager  
  100  10:02  Drone x2  
  102  10:10  Zergling x8  
  91  10:35  Roach  
  91  10:36  Roach x5  
  101  10:44  Roach x3  
  101  10:45  Roach  
  109  10:54  Roach x4  
  117  10:59  Drone x6  
  119  11:20  Roach x3  
  119  11:21  Roach  
Tags
 
Composition
MMM Bio
Matchup
TvZ
Add a new tag
Caveats
  • Supply blocks, unpowered buildings, or Contaminate may cause inaccurate times.
  • Supply counts are checked every 10 seconds.